 Dungeon Crawl Stone Soup version 0.22-a0-271-gc000056 (webtiles) character file.

767 tilp the Chiller (level 7, 0/54 HPs)
             Began as a Merfolk Ice Elementalist on Mar 11, 2018.
             Slain by a mummy (14 damage)
             ... in an ossuary.
             The game lasted 00:19:43 (6361 turns).

tilp the Chiller (Merfolk Ice Elementalist)         Turns: 6361, Time: 00:19:45

Health: 0/54       AC:  9    Str:  8    XL:     7   Next: 82%
Magic:  8/10       EV: 16    Int: 16    God:
Gold:   107        SH:  0    Dex: 15    Spells: 4/10 levels left

rFire    . . .     SeeInvis .   k - +2 short sword (venom)
rCold    . . .     Gourm    .   (no shield)
rNeg     . . .     Faith    .   a - +0 robe
rPois    .         Spirit   .   p - +0 helmet
rElec    .         Reflect  .   (no cloak)
rCorr    +         Harm     .   (no gloves)
MR       .....                  (no boots)
Stlth    ++........             (no amulet)
HPRegen  0.18/turn              g - ring of resist corrosion
MPRegen  0.12/turn              (no ring)

@: icy armour, slow
A: change form in water, swift swim, stealthy swim
a: no special abilities


You were in an ossuary.
You were not hungry.

You visited 1 branch of the dungeon, and saw 4 of its levels.
You also visited: Ossuary.

You collected 107 gold pieces.

Inventory:

Hand Weapons
 d - a +0 spear
 j - a +0 hunting sling
 k - a +2 short sword of venom (weapon)
 q - a +2 dagger of protection
 t - a +0 halberd
 x - a +3 short sword
Missiles
 b - 101 stones (quivered)
 i - 15 sling bullets
Armour
 a - a +0 robe (worn)
 p - a +0 helmet (worn)
 v - a cursed -2 leather armour
Jewellery
 g - a ring of resist corrosion (left hand)
Scrolls
 h - 3 scrolls of teleportation
 r - a scroll of remove curse
 u - a scroll of fog {unknown}
Potions
 e - 4 potions of curing
 l - a potion of lignification {unknown}
 m - a potion of resistance {unknown}
 n - a potion of flight {unknown}
 o - a potion of might {unknown}
 s - a potion of brilliance {unknown}
 w - a potion of degeneration {unknown}
Comestibles
 c - 5 rations


   Skills:
 - Level 4.2 Fighting
 - Level 6.0 Dodging
 - Level 2.1 Stealth
 - Level 2.0 Spellcasting
 - Level 0.7 Conjurations
 + Level 1.1 Charms
 - Level 7.2 Ice Magic


You had 4 spell levels left.
You knew the following spells:

 Your Spells              Type           Power        Failure   Level  Hunger
a - Freeze                Ice            ###.         1%          1    #......
b - Throw Frost           Conj/Ice       ##....       6%          2    ###....
c - Ozocubu's Armour      Chrm/Ice       ###.....     11%         3    ###....


Dungeon Overview and Level Annotations

Branches:
Dungeon (4/15)
 Temple: D:4-7

Altars:
Trog

Annotations:
D:1 potions past lava (1 downhatch)
D:3 Grinder, Terence


Message History

You hit the mummy but do no damage.
The mummy is heavily damaged.
The mummy barely misses you.
The big kobold zombie barely misses you.
You barely miss the mummy.
The mummy is heavily damaged.
The mummy hits you!
* * * LOW HITPOINT WARNING * * *
You hit the mummy.
The mummy is almost destroyed.
The big kobold zombie misses you.
You hit the mummy but do no damage.
The mummy is almost destroyed.
The big kobold zombie closely misses you.
The mummy completely misses you.
You hit the mummy but do no damage.
The mummy is almost destroyed.
The big kobold zombie closely misses you.
The mummy hits you!
You die...

######################
#.........∩ZZM.......#
#..Z......ZZZZ@......#
#.ZZ##############...#
#...# #...# #.ZZ#
#...# #..Z# #...#
#..Z# ...∩.# #...#
#...# ....# #...#
#...# ....# #...#
#...# ...## #...#


You could see a mummy, 2 rat zombies, 2 goblin zombies, a hobgoblin zombie and a
big kobold zombie.

Vanquished Creatures
  Duvessa (D:4)
  Dowan (D:4)
  A howler monkey (D:4)
  2 centaur zombies (Ossuary)
  3 orc wizards (D:3)
  An orc priest (D:3)
  Jessica (D:2)
  Natasha (thrice) (D:2)
  2 human skeletons (D:4)
  A worker ant (D:4)
  A hound skeleton (D:4)
  4 gnolls (D:3)
  4 adders
  2 oozes (D:1)
  An adder skeleton (D:4)
  3 worms
  2 dart slugs (D:1)
  3 leopard geckos
  6 orcs
  6 goblins
  6 hobgoblins
  9 jackals
  3 quokkas (D:2)
  8 bats
  6 frilled lizards
  2 goblin zombies (Ossuary)
  5 hobgoblin zombies (Ossuary)
  14 kobolds
  10 kobold zombies (Ossuary)
  5 orc zombies (Ossuary)
  11 rats
127 creatures vanquished.

Notes
Turn   | Place    | Note
-------+----------+-------------------------------------------
     0 | D:1      | tilp the Merfolk Ice Elementalist began the quest for the Orb.
     0 | D:1      | Reached XP level 1. HP: 13/13 MP: 3/3
   472 | D:1      | Reached XP level 2. HP: 19/19 MP: 3/5
   476 | D:1      | Learned a level 2 spell: Throw Frost
   534 | D:1      | Reached skill level 4 in Ice Magic
  1121 | D:1      | Reached XP level 3. HP: 21/24 MP: 2/6
  1132 | D:1      | Learned a level 3 spell: Ozocubu's Armour
  1976 | D:2      | Reached skill level 5 in Ice Magic
  2050 | D:2      | Noticed Jessica
  2070 | D:2      | Killed Jessica
  2070 | D:2      | Reached XP level 4. HP: 30/30 MP: 1/7
  2534 | D:2      | Noticed Natasha
  2541 | D:2      | Killed Natasha
  2541 | D:2      | Reached skill level 6 in Ice Magic
  2541 | D:2      | Reached XP level 5. HP: 29/35 MP: 2/8
  2934 | D:2      | Noticed Natasha
  2940 | D:2      | Killed Natasha
  3186 | D:2      | Noticed Natasha
  3193 | D:2      | Killed Natasha
  3316 | D:3      | Reached skill level 7 in Ice Magic
  3316 | D:3      | Reached XP level 6. HP: 8/41 MP: 6/9
  3672 | D:3      | Noticed Grinder
  3839 | D:3      | Reached skill level 1 in Fighting
  4321 | D:3      | Found a bloodstained altar of Trog.
  4401 | D:3      | Noticed Terence
  5250 | D:4      | Reached XP level 7. HP: 54/54 MP: 3/10
  5321 | D:4      | Noticed Duvessa
  5321 | D:4      | Noticed Dowan
  5347 | D:4      | Killed Duvessa
  5354 | D:4      | Killed Dowan
  5423 | D:4      | Reached skill level 5 in Dodging
  5596 | D:4      | Found a sand-covered staircase.
  5763 | Ossuary  | Entered an ossuary
  6302 | Ossuary  | Reached skill level 1 in Charms
  6361 | Ossuary  | Slain by a mummy

Vault maps used:
D:1:      erik_arrival_gehennom, hex_large
D:2:      first_ration, minmay_tetromino_s4, uniq_natasha, uniq_jessica
D:3:      lightli_temple_of_fire, uniq_grinder, uniq_terence
D:4:      nicolae_ossuary_entry_catacombs, uniq_duvessa
Ossuary:  ossuary_tomb_1

Skill      XL: |  1  2  3  4  5  6  7 |
---------------+----------------------+-----
Ice Magic      | 4 5 6 7 |  7.2
Fighting       | 4 |  4.2
Dodging        | 6 |  6.0
Charms         | 1 |  1.1
Stealth        | |  2.1
Spellcasting   | |  2.0
Conjurations   | |  0.7

Action                   |  1- 3 |  4- 6 |  7- 9 || total
-------------------------+-------+-------+-------++-------
Melee: Dagger            |    44 |       |       ||    44
       Short sword       |       |   127 |   191 ||   318
Throw: Stone             |    21 |     9 |    15 ||    45
 Cast: Freeze            |    32 |    30 |     6 ||    68
       Throw Frost       |    12 |    19 |     5 ||    36
       Ozocubu's Armour  |     1 |    12 |    11 ||    24
  Use: Scroll            |     3 |     4 |       ||     7
       Potion            |       |       |     1 ||     1
 Stab: Sleeping          |     5 |     8 |     1 ||    14
  Eat: Chunk             |     2 |    13 |     3 ||    18
       Ration            |     1 |       |     1 ||     2
Armor: Robe              |    16 |    23 |    50 ||    89
Dodge: Dodged            |    57 |   104 |   170 ||   331

Table legend:
 A = Spawn XP
 B = Non-spawn XP
 C = Spawn XP percentage of total XP
 D = Spawn monster count
 E = Non-spawn monster count
 F = Spawn count percentage of total count
 G = Total turns spent on level
                    A         B        C        D         E        F      G
               +---------+---------+-------+---------+---------+-------+---------
         Total |       0 |    1096 |   0.0 |       0 |     127 |   0.0 |  6361
               +---------+---------+-------+---------+---------+-------+---------
           D:1 |       0 |      50 |   0.0 |       0 |      25 |   0.0 |  1853
           D:2 |       0 |     234 |   0.0 |       0 |      38 |   0.0 |  1658
           D:3 |       0 |     289 |   0.0 |       0 |      30 |   0.0 |  1724
           D:4 |       0 |     411 |   0.0 |       0 |      10 |   0.0 |   528
       Ossuary |       0 |     112 |   0.0 |       0 |      24 |   0.0 |   598
               +---------+---------+-------+---------+---------+-------+---------
